Map: Orbital Shipyard

Players

ILLBdA

  • Race: Protoss Protoss
  • League: Diamond

니엄마는멀록이야 - Winner!

  • Race: Zerg Zerg
  • League: Diamond

VOD

Have the link to the VOD?

Description

Time

  • Played on: Dec. 29, 2015, 10:20 a.m.
  • Length: 8:30
Show
View Real Time Build Order
Export as new Build Order

ILLBdA Protoss 

Build Orders: Cannon Rush 

Get SALT Encoding   

  12  0:01  Probe (Chrono Boost)  
  14  0:14  Probe (Chrono Boost)  
  14  0:21  Pylon  
  14  0:25  Probe (Chrono Boost)  
  15  0:39  Probe (Chrono Boost)  
  15  0:40  Forge  
  16  0:49  Probe (Chrono Boost)  
  17  1:00  Probe (Chrono Boost)  
  18  1:10  Probe (Chrono Boost)  
  19  1:19  Pylon  
  19  1:21  Probe (Chrono Boost)  
  20  1:31  Pylon  
  20  1:32  Probe (Chrono Boost)  
  21  1:42  Pylon  
  21  1:44  Photon Cannon  
  21  1:46  Photon Cannon  
  21  1:47  Pylon  
  21  1:55  Photon Cannon  
  21  1:59  Probe (Chrono Boost)  
  22  2:10  Probe (Chrono Boost)  
  23  2:17  Pylon  
  23  2:18  Pylon  
  23  2:23  Pylon  
  23  2:35  Photon Cannon  
  23  2:37  Photon Cannon  
  23  2:38  Pylon  
  23  2:39  Photon Cannon  
  23  2:41  Photon Cannon  
  23  2:44  Probe (Chrono Boost)  
  24  2:49  Photon Cannon  
  24  2:54  Photon Cannon  
  24  2:56  Probe (Chrono Boost)  
  25  3:06  Probe (Chrono Boost)  
  25  3:09  Gateway  
  25  3:11  Photon Cannon  
  26  3:18  Assimilator  
  26  3:23  Assimilator  
  26  3:24  Probe (Chrono Boost)  
  27  3:41  Pylon  
  27  3:43  Nexus  
  27  3:51  Probe (Chrono Boost)  
  28  3:59  Cybernetics Core  
  28  4:00  Zealot  
  30  4:06  Probe (Chrono Boost)  
  31  4:12  Photon Cannon  
  31  4:16  Probe (Chrono Boost)  
  32  4:28  Probe (Chrono Boost)  
  33  4:37  Stalker (Chrono Boost)  
  33  4:38  Mothership Core (Chrono Boost), Pylon, Warp Gate (Chrono Boost)  
  37  4:52  Pylon  
  37  5:07  Probe  
  36  5:16  Sentry (Chrono Boost)  
  38  5:24  Gateway, Stargate, Probe  
  38  5:26  Gateway, Assimilator  
  38  5:27  Photon Cannon  
  39  5:29  Probe  
  39  5:31  Assimilator  
  40  5:42  Probe  
  41  5:49  Stalker (Chrono Boost)  
  43  6:04  Stargate  
  43  6:08  Phoenix  
  43  6:09  Probe  
  46  6:12  Probe  
  46  6:17  Pylon  
  47  6:22  Probe  
  47  6:23  Probe  
  49  6:34  Probe, Fleet Beacon  
  49  6:38  Phoenix (Chrono Boost)  
  52  6:41  Zealot  
  52  6:42  Zealot x2  
  58  6:48  Phoenix (Chrono Boost)  
  58  6:52  Probe  
  61  7:05  Phoenix (Chrono Boost)  
  63  7:11  Phoenix (Chrono Boost)  
  65  7:36  Nexus  
  71  7:39  Pylon  
  71  7:40  Pylon  
  71  7:43  Pylon  
  71  7:47  Zealot x2  
  75  8:03  Phoenix (Chrono Boost)  
  79  8:05  Phoenix (Chrono Boost)  
  78  8:21  Zealot x3  
Show
View Real Time Build Order
Export as new Build Order

니엄마는멀록이야 Zerg - Winner!

Build Orders: Hatch First 

Get SALT Encoding   

  12  0:00  Drone  
  13  0:07  Drone  
  14  0:16  Overlord  
  14  0:35  Drone x3  
  17  0:59  Hatchery  
  16  1:08  Spawning Pool  
  16  1:11  Drone  
  16  1:15  Drone  
  17  1:21  Drone  
  18  1:26  Drone  
  19  1:33  Drone  
  20  2:00  Zergling x4  
  23  2:13  Hatchery, Overlord  
  22  2:31  Queen  
  24  2:40  Zergling x4  
  26  2:58  Zergling x2  
  27  3:03  Drone  
  28  3:12  Drone, Extractor  
  30  3:14  Extractor  
  30  3:15  Hatchery, Overlord  
  30  3:16  Hatchery  
  26  3:20  Queen  
  26  3:24  Zergling x2  
  29  3:28  Spore Crawler  
  29  3:33  Drone  
  29  3:41  Drone  
  30  3:42  Drone x2  
  30  3:45  Drone  
  33  3:59  Drone  
  34  4:06  Lair  
  34  4:11  Overlord  
  34  4:15  Metabolic Boost  
  34  4:17  Drone x3  
  37  4:24  Drone  
  37  4:27  Drone, Queen  
  37  4:30  Drone  
  42  4:32  Drone  
  43  4:40  Drone x2  
  43  4:43  Drone  
  46  4:46  Drone  
  46  4:48  Drone  
  46  4:50  Drone  
  49  4:55  Drone  
  49  4:56  Drone  
  51  5:01  Queen  
  51  5:05  Drone  
  51  5:06  Drone  
  55  5:09  Drone  
  55  5:14  Zergling x4  
  56  5:15  Zergling x2  
  57  5:23  Overlord  
  57  5:26  Overlord, Hydralisk Den  
  57  5:27  Roach Warren  
  55  5:30  Spore Crawler  
  55  5:32  Spore Crawler  
  53  5:37  Zergling x6  
  53  5:39  Zergling x2  
  53  5:42  Overlord  
  57  5:47  Zergling x4  
  57  5:48  Zergling x6  
  62  5:50  Zergling x2  
  62  5:52  Zergling x2  
  62  5:57  Zergling x4  
  66  6:00  Drone  
  66  6:01  Drone x2  
  66  6:02  Drone  
  69  6:04  Pneumatized Carapace  
  69  6:08  Drone x2  
  69  6:10  Drone  
  72  6:12  Drone  
  72  6:14  Drone  
  72  6:15  Drone  
  72  6:16  Drone  
  72  6:18  Drone  
  77  6:23  Drone x2  
  77  6:24  Drone x2  
  82  6:25  Drone  
  82  6:30  Overlord  
  82  6:31  Overlord  
  82  6:33  Glial Reconstitution  
  82  6:37  Muscular Augments  
  82  6:45  Extractor  
  81  6:47  Drone  
  81  6:48  Overlord x4, Extractor  
  81  6:59  Overlord x2, Roach x2  
  81  7:00  Overlord  
  85  7:02  Drone x2  
  85  7:05  Evolution Chamber  
  85  7:06  Drone  
  85  7:08  Evolution Chamber, Drone  
  87  7:12  Drone x4  
  87  7:14  Drone  
  92  7:19  Hydralisk  
  92  7:20  Hydralisk  
  92  7:21  Hydralisk  
  100  7:23  Roach  
  100  7:25  Roach  
  100  7:27  Roach  
  104  7:30  Extractor  
  104  7:34  Roach x2, Extractor  
  104  7:36  Overseer  
  106  7:38  Roach x2  
  106  7:39  Roach  
  112  7:48  Hydralisk  
  112  7:49  Hydralisk  
  116  7:52  Roach  
  116  7:55  Roach x2  
  120  8:00  Hydralisk  
  120  8:01  Hydralisk  
  120  8:03  Hydralisk  
  126  8:09  Spore Crawler  
  126  8:15  Spore Crawler  
Tags
 
Add a new tag
Caveats
  • Supply blocks, unpowered buildings, or Contaminate may cause inaccurate times.
  • Supply counts are checked every 10 seconds.